 Dungeon Crawl Stone Soup version 0.27-a0-1105-g946c659c87 (webtiles) character file.

Game seed: 13569545512722099520

1682 DogServant the Conjurer (level 9, 0/65 HPs)
             Began as a Gnoll Conjurer on Apr 29, 2021.
             Succumbed to a water moccasin's poison
             ... on level 6 of the Dungeon.
             The game lasted 00:14:06 (5913 turns).

DogServant the Conjurer (Gnoll Conjurer)            Turns: 5913, Time: 00:14:07

Health: 0/65       AC:  5    Str:  8    XL:     9   Next: 2%
Magic:  10/18      EV: 13    Int: 18    God:
Gold:   250        SH:  0    Dex: 12    Spells: 10/20 levels left

rFire    + . .     SeeInvis .   h - +1 dire flail (vorpal)
rCold    + . .     Faith    .   (shield currently unavailable)
rNeg     . . .     Spirit   .   p - +0 leather armour
rPois    +         Reflect  .   (no helmet)
rElec    +         Harm     .   w - +1 cloak
rCorr    +         Rampage  .   (no gloves)
Will     .....                  (no boots)
Stlth    +++.......             (no amulet)
HPRegen  0.20/turn              (no ring)
MPRegen  0.16/turn              (no ring)

@: lethally poisoned (0 -> -8), resistant
A: fangs 1, strong nose, distributed training
a: no special abilities


You were on level 6 of the Dungeon.
You visited 1 branch of the dungeon, and saw 6 of its levels.

You collected 250 gold pieces.

Inventory:

Hand Weapons
 h - a +1 vorpal dire flail (weapon)
 l - a +0 mace
Armour
 a - a +0 robe
 f - a +0 ring mail
 p - a +0 leather armour (worn)
 w - a +1 cloak (worn)
Magical Staves
 k - a staff of air
 q - a staff of poison
Jewellery
 u - a ring of protection from cold
Wands
 e - a wand of iceblast (13)
Scrolls
 b - a scroll of enchant armour {unknown}
 c - 2 scrolls of teleportation
 d - a scroll of immolation {unknown}
 n - 2 scrolls of blinking {unknown}
 o - a scroll of magic mapping {unknown}
 v - a scroll of amnesia {unknown}
Potions
 g - a potion of attraction
 i - 2 potions of haste
 r - a potion of might {unknown}
 s - a potion of resistance


   Skills:
 + Level 3.8 Fighting
 + Level 3.8 Short Blades
 + Level 3.8 Long Blades
 + Level 3.8 Axes
 + Level 3.8 Maces & Flails
 + Level 3.8 Polearms
 + Level 3.8 Staves
 + Level 3.8 Slings
 + Level 3.8 Bows
 + Level 3.8 Crossbows
 + Level 3.8 Throwing
 + Level 3.8 Armour
 + Level 6.0 Dodging
 + Level 5.7 Stealth
 + Level 3.8 Shields
 + Level 3.8 Unarmed Combat
 + Level 6.3 Spellcasting
 + Level 7.8 Conjurations
 + Level 3.1 Hexes
 + Level 3.1 Summonings
 + Level 3.1 Necromancy
 + Level 3.1 Translocations
 + Level 3.1 Transmutations
 + Level 3.1 Fire Magic
 + Level 3.1 Ice Magic
 + Level 3.1 Air Magic
 + Level 3.1 Earth Magic
 + Level 3.1 Poison Magic
 + Level 4.1 Invocations
 + Level 3.8 Evocations


You had 10 spell levels left.
You knew the following spells:

 Your Spells              Type           Power      Damage    Failure   Level
a - Magic Dart            Conj           100%       1d8       1%          1
b - Searing Ray           Conj           68%        3d5       1%          2
c - Dazzling Flash        Conj/Hex       50%        N/A       5%          3
d - Fulminant Prism       Conj/Hex       12%        3d9       17%         4

Your spell library contained the following spells:

 Spells                   Type           Power      Damage    Failure   Level
 Iskenderun's Mystic Bla  Conj/Tloc      25%        2d7       17%         4


Dungeon Overview and Level Annotations

Branches:
Dungeon (6/15)
 Temple: D:4-7

Altars:

Shops:
D:3 ?   D:5 :=??([?

Annotations:
D:4 exclusions: sky beast and 1 more exclusion, Dowan, Duvessa


Innate Abilities, Weirdness & Mutations

You have very sharp teeth.
Your uncanny sense of smell can sniff out nearby items.
Your experience applies equally to all skills.


Message History

Confirm with . or Enter, or press ? or * to list all spells.
Aiming: Searing Ray (safe; 1% risk of failure)
Press: ? - help, Shift-Dir - straight line, f - water moccasin
Aim: a water moccasin (heavily wounded, 68% to hit)
The searing ray hits the water moccasin!
The water moccasin is almost dead. (Press . to maintain the ray.)
You feel very sick. The water moccasin barely misses you.
The water moccasin bites you.
* * * LOW HITPOINT WARNING * * *
The searing ray hits the water moccasin.
You kill the water moccasin!
* * * LOW HITPOINT WARNING * * *
You feel very sick.
Your Dodging skill increases to level 6!
You have reached level 9!
Your experience leads to an increase in your attributes!
Increase (S)trength, (I)ntelligence, or (D)exterity?
You feel stronger.
There is a lethal amount of poison in your body!
Okay, then.
As you read the scroll of identify, it crumbles to dust.
i - 2 potions of haste
* * * LOW HITPOINT WARNING * * *
You feel very sick.
It was a potion of invisibility.
You fade into invisibility!
* * * LOW HITPOINT WARNING * * *
You feel very sick.
You are very lightly contaminated with residual magic.
It was a potion of cancellation.
Your magical effects are unravelling.
You feel magically purged.
Your magical contamination has completely faded away.
You flicker back into view.
* * * LOW HITPOINT WARNING * * *
You feel very sick.
It was a potion of resistance.
You feel protected.
You die...

.........#
.........#
.........###
#+#####....#
... #....#
.... #....#
..... #....#
......#....#
......†@...#
####..#....#
## #......#
#......#
#......#
#......#
..####...
..# ...


There were no monsters in sight!

Vanquished Creatures
  Prince Ribbit (D:5)
  Edmund (D:5)
  2 water moccasins
  2 sky beasts
  A black bear (D:5)
  2 ogres
  3 phantoms
  A wyvern skeleton (D:6)
  A water moccasin skeleton (D:5)
  2 howler monkeys
  An orc priest (D:4)
  A centaur skeleton (D:5)
  An iguana (D:6)
  Crazy Yiuf (D:5)
  4 orc wizards
  A hound skeleton (D:4)
  4 adders
  An ufetubus (D:5)
  2 adder skeletons (D:4)
  A worm (D:2)
  3 dart slugs
  3 orcs
  5 endoplasms
  3 giant cockroaches
  6 goblins
  3 hobgoblins
  3 jackals (D:2)
  A quokka (D:1)
  3 ball pythons
  4 bats
  5 kobolds
  3 rats
75 creatures vanquished.

Notes
Turn   | Place    | Note
-------+----------+-------------------------------------------
     0 | D:1      | DogServant the Gnoll Conjurer began the quest for the Orb.
     0 | D:1      | Reached XP level 1. HP: 13/13 MP: 6/6
   135 | D:1      | Reached XP level 2. HP: 19/19 MP: 0/7
   941 | D:1      | Reached skill level 5 in Spellcasting
   941 | D:1      | Reached XP level 3. HP: 17/25 MP: 3/9
  1132 | D:2      | Learned a level 2 spell: Searing Ray
  1136 | D:2      | Learned a level 3 spell: Dazzling Flash
  1303 | D:2      | Reached skill level 1 in Invocations
  1517 | D:2      | Reached skill level 1 in Fighting
  1517 | D:2      | Reached skill level 1 in Short Blades
  1517 | D:2      | Reached skill level 1 in Long Blades
  1517 | D:2      | Reached skill level 1 in Axes
  1517 | D:2      | Reached skill level 1 in Maces & Flails
  1517 | D:2      | Reached skill level 1 in Polearms
  1517 | D:2      | Reached skill level 1 in Staves
  1517 | D:2      | Reached skill level 1 in Slings
  1517 | D:2      | Reached skill level 1 in Bows
  1517 | D:2      | Reached skill level 1 in Crossbows
  1517 | D:2      | Reached skill level 1 in Throwing
  1517 | D:2      | Reached skill level 1 in Armour
  1517 | D:2      | Reached skill level 1 in Shields
  1517 | D:2      | Reached skill level 1 in Unarmed Combat
  1517 | D:2      | Reached skill level 1 in Evocations
  1556 | D:2      | Reached XP level 4. HP: 32/32 MP: 8/11
  2339 | D:3      | Found Buemarph's Magic Scroll Shop.
  2674 | D:4      | Noticed a sky beast
  2919 | D:3      | Learned a level 4 spell: Fulminant Prism
  2960 | D:4      | Noticed Duvessa
  2960 | D:4      | Noticed Dowan
  3168 | D:4      | Reached skill level 1 in Hexes
  3168 | D:4      | Reached skill level 1 in Summonings
  3168 | D:4      | Reached skill level 1 in Necromancy
  3168 | D:4      | Reached skill level 1 in Translocations
  3168 | D:4      | Reached skill level 1 in Transmutations
  3168 | D:4      | Reached skill level 1 in Fire Magic
  3168 | D:4      | Reached skill level 1 in Ice Magic
  3168 | D:4      | Reached skill level 1 in Air Magic
  3168 | D:4      | Reached skill level 1 in Earth Magic
  3168 | D:4      | Reached skill level 1 in Poison Magic
  3180 | D:4      | Reached XP level 5. HP: 26/37 MP: 1/12
  3429 | D:4      | Noticed a phantom
  3438 | D:4      | Killed a phantom
  3439 | D:4      | Reached XP level 6. HP: 42/44 MP: 4/13
  3749 | D:4      | Reached skill level 5 in Dodging
  3756 | D:3      | Killed a sky beast
  3757 | D:3      | Reached XP level 7. HP: 22/50 MP: 2/15
  3945 | D:5      | Entered Level 5 of the Dungeon
  3955 | D:5      | Noticed Prince Ribbit
  3957 | D:5      | Found Afisofri's Magic Scroll Emporium.
  3965 | D:5      | Killed Prince Ribbit
  3966 | D:5      | Reached skill level 5 in Stealth
  4009 | D:5      | Reached XP level 8. HP: 57/57 MP: 6/16
  4011 | D:5      | Found Luthrer's Antique Weapon Emporium.
  4011 | D:5      | Found Font's Jewellery Emporium.
  4288 | D:5      | Found Luyboqi's Magic Scroll Emporium.
  4332 | D:5      | Found Cicsaazug's Book Shop.
  4359 | D:5      | Noticed Edmund
  4373 | D:5      | Killed Edmund
  5109 | D:5      | Found a runed translucent door.
  5110 | D:5      | Noticed Crazy Yiuf
  5281 | D:5      | Found Laoras's Armour Shoppe.
  5415 | D:5      | Found Noupp's Magic Scroll Shoppe.
  5508 | D:5      | Killed Crazy Yiuf
  5910 | D:6      | Reached XP level 9. HP: 11/65 MP: 9/18
  5912 | D:6      | HP: 1/65 [poisoned by a water moccasin]
  5913 | D:6      | Succumbed to a water moccasin's poison

Illustrated notes

Levels and vault maps discovered:
D:1:      sevenhm_arrival_forest_fort_large_4, layout_basic, serial_forest,
          infiniplex_forest_pool, infiniplex_forest_straight_3,
          infiniplex_forest_straight_2, infiniplex_forest_end_3,
          infiniplex_forest_straight_4, infiniplex_forest_straight_4,
          minmay_misc_feat_tiny, minmay_tetromino_o2
D:2:      layout_basic
D:3:      layout_basic, serial_shops, nicolae_shop_behind_doors,
          minmay_strange_pillars
D:4:      layout_cave_pools, uniq_natasha, uniq_duvessa
D:5:      layout_loops_ring, serial_shops, shop, kennysheep_little_box,
          nicolae_shop_competitors_out_of_business, minmay_shop_grid_forest,
          uniq_edmund, uniq_prince_ribbit1, uniq_crazy_yiuf_cottage
D:6:      layout_gridville, gammafunk_ghost_grave, uniq_eustachio

Skill      XL: |  1  2  3  4  5  6  7  8 |
---------------+-------------------------+-----
Spellcasting   | 5 6 |  6.3
Invocations    | 1 2 3 4 |  4.1
Fighting       | 1 2 3 |  3.8
Short Blades   | 1 2 3 |  3.8
Long Blades    | 1 2 3 |  3.8
Axes           | 1 2 3 |  3.8
Maces & Flails | 1 2 3 |  3.8
Polearms       | 1 2 3 |  3.8
Staves         | 1 2 3 |  3.8
Slings         | 1 2 3 |  3.8
Bows           | 1 2 3 |  3.8
Crossbows      | 1 2 3 |  3.8
Throwing       | 1 2 3 |  3.8
Armour         | 1 2 3 |  3.8
Shields        | 1 2 3 |  3.8
Unarmed Combat | 1 2 3 |  3.8
Evocations     | 1 2 3 |  3.8
Hexes          | 1 2 3 |  3.1
Summonings     | 1 2 3 |  3.1
Necromancy     | 1 2 3 |  3.1
Translocations | 1 2 3 |  3.1
Transmutations | 1 2 3 |  3.1
Fire Magic     | 1 2 3 |  3.1
Ice Magic      | 1 2 3 |  3.1
Air Magic      | 1 2 3 |  3.1
Earth Magic    | 1 2 3 |  3.1
Poison Magic   | 1 2 3 |  3.1
Dodging        | 5 6 |  6.0
Stealth        | 5 |  5.7
Conjurations   | |  7.8

Action                   |  1- 3 |  4- 6 |  7- 9 || total
-------------------------+-------+-------+-------++-------
Melee: Unarmed           |     5 |       |       ||     5
       Mace              |       |    12 |    13 ||    25
       Dire flail        |       |       |    65 ||    65
       Bite              |       |       |     6 ||     6
 Cast: Magic Dart        |    56 |    16 |     9 ||    81
       Searing Ray       |       |    18 |    17 ||    35
       Dazzling Flash    |       |       |     8 ||     8
  Use: Scroll            |       |     3 |     1 ||     4
       Potion            |       |       |     5 ||     5
 Stab: Distracted        |       |     1 |       ||     1
       Sleeping          |       |       |     2 ||     2
Armor: Robe              |     4 |     1 |       ||     5
       Leather armour    |       |     2 |    28 ||    30
Dodge: Dodged            |     7 |    19 |    77 ||   103

Table legend: (Time is in decaauts)
 A = Elapsed time spent in this place.
 B = Non-inter-level travel time spent in this place.
 C = Inter-level travel time spent in this place.
 D = Time resting spent in this place.
 E = Time spent auto-exploring this place.
 F = Levels seen in this place.
 G = Mean time per level.
                   A        B        C        D        E       F      G
               +--------+--------+--------+--------+--------+-----+--------+
         Total |   5936 |   5677 |    259 |   1546 |   3490 |   6 |  989.3 |
       Dungeon |   5936 |   5677 |    259 |   1546 |   3490 |   6 |  989.3 |
               +--------+--------+--------+--------+--------+-----+--------+

Top non-repeatable levels by time:
     D:3: 1692 daAuts
     D:5: 1618 daAuts
     D:1: 1118 daAuts
     D:2: 629 daAuts
     D:4: 517 daAuts
     D:6: 360 daAuts
